 Dungeon Crawl Stone Soup version 0.26-a0-712-ga5a9c9c9d0 (webtiles) character file.

Game seed: 12180120618626313050

103929 kae the Grappler (level 16, -5/157 HPs)
             Began as a Naga Transmuter on Nov 3, 2020.
             Was the Champion of Cheibriados.
             Killed from afar by a manticore (12 damage)
             ... with a volley of spikes
             ... on level 15 of the Dungeon.
             The game lasted 00:34:56 (35843 turns).

kae the Grappler (Naga Transmuter)                 Turns: 35843, Time: 00:34:57

Health: -5/157     AC: 13    Str: 32    XL:     16   Next: 37%
Magic:  20/24      EV: 22    Int: 33    God:    Cheibriados [******]
Gold:   1415       SH:  0    Dex: 27    Spells: 12/25 levels left

rFire    . . .     SeeInvis +     - Unarmed
rCold    . . .     Faith    .   (shield currently unavailable)
rNeg     . . .     Spirit   .   A - +1 robe "Maepsexo" {Int+2}
rPois    +         Reflect  .   (no helmet)
rElec    .         Harm     .   q - +0 cloak
rCorr    .         Rampage  .   (gloves currently unavailable)
MR       ++...                  (no barding)
Stlth    +++++.....             I - amulet of regeneration
HPRegen  0.76/turn              r - +4 ring of protection
MPRegen  0.19/turn              t - +4 ring of evasion

@: about to teleport, blade hands, marked, barbed spikes, very slow
A: large, stinger 1, see invisible, deformed body, poison resistance, slowness
2, spit poison 1, wild magic 1, constrict 1, AC +5
a: Spit Poison, End Transformation, Bend Time, Temporal Distortion, Slouch, Step
From Time, Renounce Religion


You were on level 15 of the Dungeon.
You worshipped Cheibriados.
Cheibriados was exalted by your worship.
You had blades for hands.
You visited 3 branches of the dungeon, and saw 22 of its levels.

You collected 1655 gold pieces.
You spent 240 gold pieces at shops.

Inventory:

Armour
 q - a +0 cloak (worn)
 A - the +1 robe "Maepsexo" (worn) {Int+2}
   (You took it off an orc on level 10 of the Dungeon)

   It affects your intelligence (+2).
Jewellery
 r - a +4 ring of protection (left scythe-like blade)
 t - a +4 ring of evasion (right scythe-like blade)
 G - an uncursed ring of protection from magic
 I - an amulet of regeneration (around neck)
Wands
 g - a wand of enslavement (9)
 n - a wand of iceblast (56)
 y - a wand of acid (23)
 B - a wand of disintegration (27)
 C - a wand of digging (10)
Scrolls
 b - 5 scrolls of teleportation
 e - 4 scrolls of fear
 f - 2 scrolls of identify
 h - 6 scrolls of enchant weapon
 i - 13 scrolls of remove curse
 k - a scroll of immolation
 s - 2 scrolls of blinking
 u - 3 scrolls of enchant armour
 v - 2 scrolls of fog
 w - 3 scrolls of amnesia
Potions
 a - 11 potions of curing
 c - 7 potions of resistance
 d - 4 potions of stabbing
 j - 5 potions of flight
 l - 5 potions of mutation
 m - a potion of brilliance
 o - 2 potions of heal wounds
 p - 3 potions of lignification
 x - 3 potions of might
 z - 2 potions of invisibility
 D - 3 potions of magic
 E - a potion of ambrosia


   Skills:
 + Level 13.2 Fighting
 - Level 5.0 Armour
 - Level 8.0 Dodging
 - Level 8.0 Stealth
 + Level 13.2 Unarmed Combat
 - Level 5.0 Spellcasting
 + Level 13.2 Transmutations
 - Level 4.0 Ice Magic
 - Level 4.0 Poison Magic
 - Level 11.0 Invocations
 - Level 5.0 Evocations


You had 12 spell levels left.
You knew the following spells:

 Your Spells              Type           Power        Failure   Level
a - Beastly Appendage     Tmut           ######       7%          1
b - Spider Form           Tmut/Pois      ######....   16%         3
c - Blade Hands           Tmut           #######...   17%         5
d - Ice Form              Ice/Tmut       ######..     24%         4

Your spell library contained the following spells:

 Spells                   Type           Power        Failure   Level
 Wereblood                Tmut           #######.     8%          2
 Sting                    Tmut/Pois      ####         12%         1
 Ignite Poison            Fire/Tmut/Pois ######..     24%         3
 Poisonous Vapours        Pois/Air       ####..       34%         2
 Alistair's Intoxication  Tmut/Pois      ######...    36%         5
 Animate Skeleton         Necr           ##....       41%         1
 Apportation              Tloc           ##....       41%         1
 Corona                   Hex            ##.....      41%         1
 Foxfire                  Conj/Fire      ##..         41%         1
 Magic Dart               Conj           ##..         41%         1
 Summon Small Mammal      Summ           ##..         41%         1
 Blink                    Tloc           N/A          47%         2
 Call Imp                 Summ           ##......     47%         2
 Slow                     Hex            ##......     47%         2
 Mephitic Cloud           Conj/Pois/Air  ###.....     52%         3
 Olgreb's Toxic Radiance  Pois           #####...     52%         4
 Conjure Flame            Conj/Fire      ##......     63%         3
 Inner Flame              Hex/Fire       ##......     63%         3
 Lesser Beckoning         Tloc           ##........   63%         3
 Tukima's Dance           Hex            ##......     63%         3
 Sticky Flame             Conj/Fire      ##......     88%         4
 Bolt of Magma            Conj/Fire/Erth ##........   99%         5
 Fireball                 Conj/Fire      ##........   99%         5
 Iskenderun's Battlesphe  Conj           ##......     99%         5
 Freezing Cloud           Conj/Ice/Air   ###.......   100%        6
 Invisibility             Hex            ##......     100%        6
 Iron Shot                Conj/Erth      ##........   100%        6
 Orb of Destruction       Conj           ##........   100%        7
 Spellforged Servitor     Conj/Summ      ##........   100%        7


Dungeon Overview and Level Annotations

Branches:
Dungeon (15/15)            Temple (1/1) D:4            Lair (6/6) D:8
  Swamp (0/4) Lair:2       Spider (0/4) Lair:4        Slime (0/5) Lair:6
    Orc (0/2) D:10         Vaults (0/5) D:14
 Depths: D:15

Altars:
Ashenzari
Cheibriados
Dithmenos
Elyvilon
Fedhas
Gozag
Hepliaklqana
Kikubaaqudgha
Makhleb
Nemelex Xobeh
Okawaru
Qazlal
Ru
Sif Muna
Trog
Uskayaw
Vehumet
Wu Jian
Xom
Yredelemnul
Zin
The Shining One
Jiyva

Shops:
D:7 :   D:9 !   D:10 :

Annotations:
D:3 1 runed translucent door, Lanoc's ghost, amateur TeDe
D:15 Azrael
Lair:2 exclusion: oklob plant
Lair:6 1 runed translucent door


Innate Abilities, Weirdness & Mutations

You cannot wear boots.
Your serpentine skin is tough. (AC +5)
You have supernaturally acute eyesight. (SInv)
Armour fits poorly on your strangely shaped body.
Your system is resistant to poisons. (rPois)
You cover ground very slowly.
You can spit poison.
You can use your snake-like lower body to constrict enemies.
Your tail ends in a poisonous barb.
Your spells are a little harder to cast, but a little more powerful.


Message History

Your body is wracked with pain!
* * * LOW HITPOINT WARNING * * *
Azrael gestures at you.
The fireball explodes!
The fireball engulfs you!!
* * * LOW HITPOINT WARNING * * *
The fireball engulfs Azrael.
Azrael completely resists.
The manticore flicks its tail.
The volley of spikes misses you.
The death knight offers itself to Yredelemnul, and fills with unholy energy.
Azrael hits you with a +4 scimitar of flaming!
* * * LOW HITPOINT WARNING * * *
Azrael burns you.
* * * LOW HITPOINT WARNING * * *
The manticore flicks its tail.
The volley of spikes misses you. The ettin closely misses you.
The ettin misses you. Azrael closely misses you.
The manticore flicks its tail.
The volley of spikes hits you!
The barbed spikes become lodged in your body.
You die...

#####......###
...........#.
...<....p..' ...........#
....H..Z...# .....
........e..# .....
.......)C..# ......
.......(@..# ......
.......$R..# .......
.......))..#######.......
..........°...†..........
....###########..........
.... #)######.## ...
#)#....#.# .. #(#....#.#.
'##'######())...#.#.


You could see Azrael, a death knight (reflects damage), an ettin, a deep elf
archer (repels missiles), a manticore and a wolf spider zombie.

Vanquished Creatures
  Rupert (D:14)
  An ironheart preserver (D:14)
  Josephine (D:9)
  3 boulder beetles
  8 two-headed ogres
  10 hydras
  Erica (D:9)
  3 centaur warriors
  3 tengu warriors (D:15)
  12 death yaks (Lair:5)
  An ogre mage (D:15)
  2 skeletal warriors (D:12)
  2 unseen horrors
  A deep elf mage (D:12)
  6 cyclopes
  An oklob plant (Lair:4)
  2 manticores
  13 ugly things
  8 black mambas
  8 elephants
  23 cane toads
  A torpor snail (Lair:5)
  A gargoyle (D:15)
  A yaktaur (D:15)
  12 komodo dragons
  2 kobold demonologists (D:15)
  4 rime drakes
  An efreet (D:13)
  A freezing wraith (D:14)
  5 trolls
  3 meliai (D:15)
  A tengu conjurer (D:15)
  2 polar bears
  7 slime creatures
  Prince Ribbit (D:6)
  4 tyrant leeches (Lair:6)
  A bog body (Lair:2)
  23 blink frogs
  8 dream sheep
  A meliai zombie (D:15)
  3 shadows
  A tarantella (shapeshifter) (D:15)
  A vampire (D:14)
  7 wyverns
  5 wraiths
  A yak (shapeshifter) (D:12)
  74 yaks
  9 basilisks
  15 vampire mosquitoes
  Edmund (D:4)
  A hell hound (D:15)
  4 ice beasts
  19 water moccasins
  4 acid dragons
  4 sky beasts
  10 ogres
  11 orc warriors
  2 necrophages (D:6)
  A black bear (D:8)
  4 phantoms
  2 eyes of draining
  11 wolves
  8 centaurs
  8 big kobolds
  44 bullfrogs
  2 gnoll sergeants
  A wyvern zombie (D:11)
  2 water moccasin skeletons
  A wyvern skeleton (D:12)
  2 scorpions
  11 killer bees
  A howler monkey (D:9)
  24 wights
  3 electric eels
  6 centaur zombies
  8 hounds
  6 lava snakes (D:11)
  2 bullfrog zombies
  5 jellies
  9 orc priests
  2 centaur skeletons
  15 orc wizards
  4 bullfrog skeletons
  7 iguanas
  15 worker ants
  5 hell rats (Lair:5)
  8 ogre zombies (D:10)
  A hound zombie (D:6)
  A hound skeleton (D:5)
  3 worker ant zombies
  20 gnolls
  25 adders
  A shadow imp (D:9)
  7 white imps
  An ufetubus (D:7)
  An adder zombie (D:9)
  2 adder skeletons
  9 worms
  2 dart slugs
  9 leopard geckos
  65 orcs
  2 ball pythons (D:3)
  7 bats
  4 giant cockroaches
  5 goblins
  10 hobgoblins
  4 jackals
  4 quokkas
  8 frilled lizards
  2 goblin skeletons (D:10)
  3 goblin zombies (D:10)
  2 hobgoblin skeletons (D:10)
  5 hobgoblin zombies (D:10)
  25 kobolds
  A leopard gecko skeleton (D:4)
  2 orc skeletons (D:10)
  11 orc zombies (D:10)
  6 rats
826 creatures vanquished.

Vanquished Creatures (others)
  A centaur skeleton (D:15)
  A gnoll (D:3)
  26 bushes
  61 fungi
  110 plants
199 creatures vanquished.

Grand Total: 1025 creatures vanquished

Notes
Turn   | Place    | Note
-------+----------+-------------------------------------------
     0 | D:1      | kae the Naga Transmuter began the quest for the Orb.
     0 | D:1      | Reached XP level 1. HP: 18/18 MP: 3/3
   157 | D:1      | Reached XP level 2. HP: 24/25 MP: 3/5
  1154 | D:2      | Reached XP level 3. HP: 31/31 MP: 6/6
  1159 | D:2      | Learned a level 3 spell: Spider Form
  1567 | D:2      | Reached skill level 1 in Poison Magic
  1580 | D:2      | Reached XP level 4. HP: 19/38 MP: 4/7
  2887 | D:3      | Reached XP level 5. HP: 37/44 MP: 4/8
  3408 | D:3      | Reached XP level 6. HP: 45/51 MP: 9/9
  4206 | D:3      | Found a runed translucent door.
  4211 | D:3      | Noticed Lanoc's ghost (amateur TeDe)
  4222 | D:3      | Learned a level 5 spell: Blade Hands
  4337 | D:4      | Reached skill level 5 in Transmutations
  4555 | D:4      | Found a staircase to the Ecumenical Temple.
  4588 | D:4      | Noticed a phantom
  4616 | D:4      | Killed a phantom
  4639 | Temple   | Entered the Ecumenical Temple
  4825 | Temple   | Became a worshipper of Cheibriados the Contemplative
  5122 | D:4      | Reached XP level 7. HP: 57/57 MP: 6/10
  5156 | D:4      | Found a glowing silver altar of Zin.
  5747 | D:4      | Noticed Edmund
  5773 | D:4      | Killed Edmund
  5773 | D:4      | Reached skill level 5 in Unarmed Combat
  5921 | D:4      | Reached * piety under Cheibriados
  6301 | D:4      | Reached XP level 8. HP: 51/64 MP: 5/11
  6392 | D:4      | HP: 1/64 [wight/cursed +2 long sword (3)]
  7183 | D:5      | Entered Level 5 of the Dungeon
  7645 | D:5      | Found a blossoming altar of Fedhas.
  7764 | D:5      | Found a sacrificial altar of Ru.
  8427 | D:5      | Reached ** piety under Cheibriados
  9204 | D:6      | Noticed Prince Ribbit
  9224 | D:6      | Killed Prince Ribbit
  9224 | D:6      | Reached XP level 9. HP: 48/69 MP: 10/12
  9773 | D:6      | Found a burning altar of Makhleb.
  9778 | D:6      | Found an iron altar of Okawaru.
  9782 | D:6      | Found a bloodstained altar of Trog.
  9786 | D:6      | Found an ornate altar of the Wu Jian Council.
  9787 | D:6      | Found an ancient bone altar of Kikubaaqudgha.
  9886 | D:6      | Reached skill level 10 in Transmutations
 10012 | D:6      | Reached *** piety under Cheibriados
 10339 | D:7      | Found Elaas's Book Emporium.
 11302 | D:7      | Reached XP level 10. HP: 76/85 MP: 11/13
 11304 | D:7      | Reached **** piety under Cheibriados
 12096 | D:8      | Learned a level 4 spell: Ice Form
 12192 | D:8      | Reached skill level 5 in Fighting
 12296 | D:8      | Noticed a two-headed ogre
 12413 | D:8      | Killed a two-headed ogre
 12842 | D:8      | Found a staircase to the Lair.
 12842 | D:8      | Noticed an elephant
 13207 | D:8      | Reached skill level 5 in Dodging
 13930 | D:8      | Killed an elephant
 14050 | D:9      | Noticed a two-headed ogre
 14059 | D:9      | Killed a two-headed ogre
 14059 | D:9      | Reached XP level 11. HP: 71/99 MP: 8/14
 14149 | D:9      | Reached ***** piety under Cheibriados
 14196 | D:9      | Noticed Erica
 14202 | D:9      | Killed Erica
 14496 | D:9      | Found Vizeul's Distillery.
 14531 | D:9      | Bought a potion of lignification for 48 gold pieces
 14531 | D:9      | Bought a potion of mutation for 128 gold pieces
 14531 | D:9      | Bought a potion of might for 64 gold pieces
 14551 | D:9      | Found a radiant altar of Vehumet.
 15270 | D:10     | Entered Level 10 of the Dungeon
 15485 | D:10     | Noticed Josephine
 16265 | D:9      | Killed Josephine
 16436 | D:10     | Reached ****** piety under Cheibriados
 16514 | D:10     | Identified the +1 robe "Maepsexo" {Int+2}
 16709 | D:10     | Found a staircase to the Orcish Mines.
 16860 | D:9      | Reached skill level 5 in Invocations
 17351 | D:10     | Found a stormy altar of Qazlal.
 17399 | D:10     | Found Jicenuel's Book Boutique.
 17677 | D:11     | Reached XP level 12. HP: 86/110 MP: 9/16
 18421 | D:11     | Gained mutation: Your tail ends in a poisonous barb.
                  | [potion of mutation]
 18421 | D:11     | Gained mutation: Your spells are a little harder to cast,
                  | but a little more powerful. [potion of mutation]
 18746 | D:12     | Noticed a centaur warrior
 18763 | D:12     | Killed a centaur warrior
 19949 | D:12     | Reached skill level 5 in Armour
 20828 | D:11     | Noticed a boulder beetle
 21203 | D:11     | Reached skill level 5 in Spellcasting
 21203 | D:11     | Reached skill level 1 in Stealth
 21855 | D:11     | Killed a boulder beetle
 21925 | D:11     | Found an opulent altar of Gozag.
 21937 | D:11     | Noticed a two-headed ogre
 21945 | D:11     | Killed a two-headed ogre
 22572 | Lair:1   | Entered Level 1 of the Lair of Beasts
 22580 | Lair:1   | Reached skill level 5 in Stealth
 22580 | Lair:1   | Gained mutation: You can use your snake-like lower body to
                  | constrict enemies. [Naga growth]
 22580 | Lair:1   | Reached XP level 13. HP: 45/117 MP: 10/20
 24097 | Lair:2   | Found a staircase to the Swamp.
 27433 | Lair:3   | Reached XP level 14. HP: 130/130 MP: 16/21
 27544 | Lair:3   | Reached skill level 10 in Unarmed Combat
 27584 | Lair:3   | Reached skill level 10 in Fighting
 27656 | Lair:3   | Found the +8 whip "Snakebite" {curare, rPois}
 28796 | Lair:4   | Found a hole to the Spider Nest.
 31045 | Lair:6   | Entered Level 6 of the Lair of Beasts
 31062 | Lair:6   | Reached XP level 15. HP: 125/144 MP: 17/22
 31123 | Lair:6   | Reached skill level 10 in Invocations
 31612 | Lair:6   | Reached skill level 1 in Evocations
 32027 | Lair:6   | Found a runed translucent door.
 32028 | Lair:6   | Found a viscous altar of Jiyva.
 32028 | Lair:6   | Noticed an acid blob
 32051 | Lair:6   | Found a staircase to the Slime Pits.
 32647 | D:12     | Reached skill level 5 in Evocations
 33657 | D:13     | Found an opulent altar of Gozag.
 33887 | D:14     | Found a glowing golden altar of the Shining One.
 33925 | D:14     | Found a gate to the Vaults.
 34553 | D:14     | Noticed Rupert
 34565 | D:14     | Killed Rupert
 34572 | D:14     | Reached XP level 16. HP: 131/154 MP: 20/24
 35272 | D:15     | Entered Level 15 of the Dungeon
 35836 | D:15     | Noticed Azrael
 35843 | D:15     | HP: 7/157 [Azrael/+4 scimitar of flaming (4)]
 35843 | D:15     | Killed from afar by a manticore

Illustrated notes

Levels and vault maps discovered:
D:1:      wander_arrival_chamber, layout_basic
D:2:      layout_loops_ring
D:3:      layout_rooms, cheibrodos_sewer_entry_bend, ebering_ghost_inner_flame
D:4:      layout_gridville, kennysheep_mini_moat, temple_statues, uniq_edmund
D:5:      layout_gridville, lemuel_doored_altar, nicolae_ru_awakened_eye
D:6:      layout_basic, minitemple, uniq_prince_ribbit1
D:7:      layout_rooms, serial_shops, shop, minmay_joined_circles
D:8:      layout_basic, david_lair_generic
D:9:      layout_small_grid, vehumet_crystals, serial_shops,
          nicolae_shop_statue_plus, nicolae_wwwww, minmay_misc_feat_iff,
          st_stairs_13, uniq_erica
D:10:     layout_cave_pools, zombieorc2_lemuel, serial_shops, shop,
          grunt_qazlal_sundering, uniq_josephine
D:11:     erik_rubicon_a, layout_cave_pools, basic_altar,
          hangedman_decor_opposing
D:12:     layout_basic, minmay_pinched_square
D:13:     layout_basic, nicolae_gozag_seed_capital
D:14:     layout_basic, skrybe_vaults_entry_preservation, tso_altar,
          nicolae_sextant, uniq_rupert
D:15:     hangedman_depths_entry_civil_slaughter, layout_irregular_city,
          serial_park_square3 [serial_park_minivault_5x5_8], uniq_azrael
Temple:   eino_temple_water
Lair:1:   layout_regular_city, minivault_11
Lair:2:   layout_gridlike, skrybe_swamp_entry_bodies, st_stairs_8,
          small_statue_intersection, guppyfry_lair_drakes, serial_bayou_shore_a,
          grunt_megastairs_1, minmay_lair_oklob_chamber
Lair:3:   minmay_guarded_unrand_snakebite, layout_chaotic_city,
          minmay_hedge_maze, nzn_random_ring
Lair:4:   layout_loops_ring, nicolae_spider_entry_non_spiders,
          grunt_megastairs_4
Lair:5:   layout_regular_city
Lair:6:   minmay_lair_end_frog_pond, layout_loops_ring, slime_altar_2,
          infiniplex_staircase_pool_2, lemuel_fruit_tree

Skill      XL: |  1  2  3  4  5  6  7  8  9 10 11 12 13 14 15 16 |
---------------+-------------------------------------------------+-----
Transmutations | 3 4 5 6 9 10 12 13 | 13.2
Poison Magic   | 1 2 3 4 |  4.0
Unarmed Combat | 4 5 7 8 9 12 13 | 13.2
Dodging        | 3 6 8 |  8.0
Fighting       | 3 6 8 9 12 13 | 13.2
Ice Magic      | 4 |  4.0
Invocations    | 6 8 9 11 | 11.0
Armour         | 5 |  5.0
Spellcasting   | 5 |  5.0
Stealth        | 5 8 |  8.0
Evocations     | 5 |  5.0

Action                   |  1- 3 |  4- 6 |  7- 9 | 10-12 | 13-15 | 16-18 || total
-------------------------+-------+-------+-------+-------+-------+-------++-------
Melee: Unarmed           |    67 |   185 |   374 |   518 |   691 |   132 ||  1967
       Headbutt          |     7 |     5 |       |       |       |       ||    12
       Punch             |     1 |       |     1 |    13 |    41 |    14 ||    70
       Tailslap          |       |       |       |    35 |   120 |    32 ||   187
       Constrict         |       |       |       |       |   116 |    24 ||   140
 Cast: Beastly Appendage |    22 |    20 |       |       |       |       ||    42
       Spider Form       |       |    16 |    55 |    23 |     1 |       ||    95
       Blade Hands       |       |       |     1 |    37 |    49 |    14 ||   101
       Ice Form          |       |       |       |    35 |    36 |       ||    71
Invok: Slouch            |       |       |       |     2 |     2 |     1 ||     5
       Bend Time         |       |       |       |       |     1 |       ||     1
       Temporal Distorti |       |       |       |       |     2 |     2 ||     4
 Abil: Spit Poison       |    28 |    23 |    28 |    21 |    11 |       ||   111
  Use: Scroll            |       |     1 |    14 |    11 |    11 |     2 ||    39
       Potion            |       |     3 |     6 |     2 |       |       ||    11
 Stab: Sleeping          |       |       |     2 |     3 |    16 |       ||    21
       Distracted        |       |       |       |       |     6 |     1 ||     7
Armor: Robe              |     5 |    15 |     7 |    42 |    96 |    33 ||   198
       Skin              |       |     6 |    21 |    97 |    37 |       ||   161
Dodge: Dodged            |    56 |   150 |   331 |   674 |   728 |   178 ||  2117

Table legend: (Time is in decaauts)
 A = Elapsed time spent in this place.
 B = Non-inter-level travel time spent in this place.
 C = Inter-level travel time spent in this place.
 D = Time resting spent in this place.
 E = Time spent auto-exploring this place.
 F = Levels seen in this place.
 G = Mean time per level.
                   A        B        C        D        E       F      G
               +--------+--------+--------+--------+--------+-----+--------+
         Total |  53843 |  50100 |   3743 |   5474 |  38219 |  22 | 2447.4 |
       Dungeon |  37027 |  34113 |   2914 |   4682 |  24717 |  15 | 2468.5 |
        Temple |    237 |    214 |     23 |      0 |    208 |   1 |  237.0 |
          Lair |  16579 |  15774 |    805 |    791 |  13293 |   6 | 2763.2 |
               +--------+--------+--------+--------+--------+-----+--------+

Top non-repeatable levels by time:
    D:11: 4617 daAuts
  Lair:2: 4035 daAuts
     D:9: 3679 daAuts
    D:12: 3648 daAuts
  Lair:3: 3344 daAuts
     D:4: 3219 daAuts
    D:14: 3120 daAuts
     D:8: 2909 daAuts
  Lair:5: 2863 daAuts
     D:6: 2385 daAuts
  Lair:1: 2312 daAuts
     D:5: 2242 daAuts
     D:7: 2133 daAuts
     D:2: 2117 daAuts
  Lair:4: 2102 daAuts
